 Dungeon Crawl Stone Soup version 0.30-a0-42-g806c11bf1d (webtiles) character file.

Game seed: 217420457481439814

4508 SensoryNuts the Cleaver (level 10, -4/86 HPs)
             Began as a Hill Orc Fighter on Aug 30, 2022.
             Slain by a two-headed ogre
             ... wielding a +0 giant club
              (7 damage)
             ... on level 7 of the Dungeon.
             The game lasted 00:08:20 (9684 turns).

SensoryNuts the Cleaver (Hill Orc Fighter)          Turns: 9684, Time: 00:08:21

Health: -4/86      AC: 18    Str: 24    XL:     10   Next: 39%
Magic:  10/10      EV:  7    Int:  8    God:
Gold:   149        SH:  6    Dex: 16    Spells: 9/9 levels left

rFire   . . .      SeeInvis .    w - +1 war axe (vorpal)
rCold   . . .      Faith    .    c - +0 buckler
rNeg    . . .      Spirit   .    j - +0 plate armour
rPois   .          Reflect  .    (no helmet)
rElec   .          Harm     .    (no cloak)
rCorr   .          Rampage  .    i - +0 pair of gloves
Will    .....                    (no boots)
Stlth   ..........               (no amulet)
HPRegen 0.24/turn                e - +6 ring of dexterity
MPRegen 0.12/turn                l - +4 ring of protection

@: studying Maces & Flails
A: no striking features
a: no special abilities


You were on level 7 of the Dungeon.
You visited 2 branches of the dungeon, and saw 8 of its levels.

You collected 311 gold pieces.
You spent 162 gold pieces at shops.

Inventory:

Hand Weapons
 a - a +0 war axe
 w - a +1 vorpal war axe (weapon)
Armour
 c - a +0 buckler (worn)
 i - a +0 pair of gloves (worn)
 j - a +0 plate armour (worn)
Jewellery
 b - a ring of ice
 e - a +6 ring of dexterity (left hand)
 l - a +4 ring of protection (right hand)
 n - a +6 ring of intelligence
 o - a ring of fire
 r - a ring of wizardry
 v - a +6 ring of intelligence
 y - a ring of see invisible
Wands
 h - a wand of digging (9)
 t - a wand of paralysis (17)
Scrolls
 d - a scroll of enchant weapon
 g - a scroll of teleportation
 x - a scroll of magic mapping {unknown}
 A - a scroll of blinking
Potions
 f - 2 potions of brilliance
 k - a potion of resistance
 m - 2 potions of lignification
 p - a potion of haste
 q - 2 potions of flight
 s - a potion of invisibility {unknown}
 u - a potion of degeneration {unknown}
 z - a potion of curing {unknown}
 B - a potion of attraction {unknown}


   Skills:
 + Level 7.5 Fighting
 * Level 14.5 Axes
 + Level 7.9 Armour
 + Level 1.1 Dodging
 + Level 0.4 Stealth
 + Level 5.9 Shields


You had 9 spell levels left.
You didn't know any spells.
Your spell library contained the following spells:

 Spells                   Type           Power      Damage    Failure   Level
 Beastly Appendage        Tmut           0%         N/A       100%        1
 Foxfire                  Conj/Fire      0%         2x1d4     100%        1
 Necrotise                Necr           0%         1d4       100%        1
 Sandblast                Erth           0%         2d4       100%        1
 Passwall                 Tmut/Erth      0%         N/A       100%        2
 Wereblood                Tmut           0%         N/A       100%        2
 Conjure Flame            Conj/Fire      0%         6-21      100%        3
 Inner Flame              Hex/Fire       0%         N/A       100%        3
 Spider Form              Tmut/Pois      0%         N/A       100%        3
 Stone Arrow              Conj/Erth      0%         3d7       100%        3
 Summon Guardian Golem    Hex/Summ       0%         N/A       100%        3
 Vampiric Draining        Necr           0%         2d6       100%        3
 Animate Armour           Summ/Erth      0%         N/A       100%        4
 Flame Wave               Conj/Fire      0%         2d4       100%        4
 Agony                    Necr           0%         N/A       100%        5
 Fireball                 Conj/Fire      0%         3d3       100%        5
 Iskenderun's Battlesphe  Conj           0%         2d6       100%        5
 Conjure Ball Lightning   Conj/Air       0%         3x3d6     100%        6
 Orb of Destruction       Conj           0%         9d5       100%        7
 Spellforged Servitor     Conj/Summ      0%         N/A       100%        7
 Lehudib's Crystal Spear  Conj/Erth      0%         10d2      100%        8


Dungeon Overview and Level Annotations

Branches:
Dungeon (7/15)             Temple (1/1) D:4

Altars:
Ashenzari
Cheibriados
Elyvilon
Fedhas
Gozag
Hepliaklqana
Kikubaaqudgha
Nemelex Xobeh
Okawaru
Qazlal
Ru
Vehumet
Wu Jian
Yredelemnul
Zin
The Shining One

Shops:
D:3 *   D:6 *   D:7 *


Message History

You barely miss the yak.
The yak is almost dead.
You slash the yak!
You kill the yak!
You swing at nothing.
There is an open door, spattered with blood here.
A two-headed ogre comes into view. It is wielding two +0 giant clubs.
The two-headed ogre shouts in stereo!
A two-headed ogre is nearby!
A two-headed ogre is nearby!
A two-headed ogre is nearby!
Okay, then.
You slash the two-headed ogre!
The two-headed ogre is moderately wounded.
You block the two-headed ogre's attack. x2
You slash the two-headed ogre!
The two-headed ogre is heavily wounded.
You hit the two-headed ogre.
The two-headed ogre is heavily wounded.
The two-headed ogre hits you with a +0 giant club!
The two-headed ogre hits you with a +0 giant club.
You barely miss the two-headed ogre.
The two-headed ogre is heavily wounded.
You hit the two-headed ogre.
The two-headed ogre is severely wounded.
The two-headed ogre hits you with a +0 giant club!!
You block the two-headed ogre's attack.
You hit the two-headed ogre.
The two-headed ogre is severely wounded.
You hit the two-headed ogre.
The two-headed ogre is severely wounded.
The two-headed ogre hits you with a +0 giant club! x2
You barely miss the two-headed ogre.
The two-headed ogre is severely wounded.
You hit the two-headed ogre.
The two-headed ogre is severely wounded.
The two-headed ogre hits you with a +0 giant club!!
* * * LOW HITPOINT WARNING * * *
The two-headed ogre hits you with a +0 giant club!
You die...

###.....##.# #.#
##...###.# #.#
#.......# #.#
##.###### #.# #.# #.#
##'## #.##### #
##...## #......
....#.....#####
##......
#..O@......###.......
#...###.###..#>.......
.....# .#.. ........(.
##..# .#
#..##......... #.# .#
#..##..###.## #.# .#
#..#.##.#.#. #.#.#
#.###...... #..#
#.#.###.## #.# ..
#.#.#.


You could see a two-headed ogre.

Vanquished Creatures
  Pikel (D:6)
  A manticore (D:7)
  A cyclops (D:7)
  2 gargoyles (D:7)
  A wraith (D:7)
  A yak (D:7)
  Menkaure (D:5)
  Duvessa (D:4)
  2 water moccasins
  An acid dragon (D:7)
  2 ice beasts
  An orc warrior (D:7)
  A black bear (D:7)
  2 centaurs (D:7)
  Blork the orc (D:5)
  4 scorpions
  A gnoll sergeant (D:7)
  A wight (D:7)
  Dowan (D:4)
  A killer bee (D:7)
  5 howler monkeys
  2 hounds
  5 jellies
  A gnoll bouda (D:7)
  An iguana (D:7)
  3 orc wizards
  11 gnolls
  7 adders
  2 white imps
  2 ufetubi
  3 worms
  2 dart slugs
  7 orcs
  9 ball pythons
  7 bats
  8 endoplasms
  5 giant cockroaches
  6 hobgoblins
  A jackal (D:1)
  3 kobolds
  6 quokkas
  A ball python zombie (D:3)
  A frilled lizard (D:1)
  5 goblins
  A quokka zombie (D:3)
  4 rats
135 creatures vanquished.

Notes
Turn   | Place    | Note
-------+----------+-------------------------------------------
     0 | D:1      | SensoryNuts the Hill Orc Fighter began the quest for the
                  | Orb.
     0 | D:1      | Reached XP level 1. HP: 19/19 MP: 1/1
   226 | D:1      | Reached XP level 2. HP: 25/27 MP: 2/2
   593 | D:1      | Reached skill level 3 in Axes
   785 | D:1      | Reached XP level 3. HP: 33/33 MP: 3/3
  1330 | D:2      | Reached skill level 4 in Axes
  1385 | D:2      | Identified the +12 mace of Defence {spect, Dex+8 Stlth-}
  1518 | D:2      | Reached XP level 4. HP: 40/40 MP: 4/4
  1757 | D:3      | Found Daofu's General Store.
  2216 | D:3      | Found a basalt altar of Yredelemnul.
  2528 | D:4      | Found an iron altar of Okawaru.
  2606 | D:4      | Found a staircase to the Ecumenical Temple.
  2642 | Temple   | Entered the Ecumenical Temple
  3451 | D:4      | Reached skill level 5 in Axes
  3576 | D:4      | Reached XP level 5. HP: 46/46 MP: 5/5
  3853 | D:4      | Reached skill level 6 in Axes
  3856 | D:4      | Reached XP level 6. HP: 53/53 MP: 6/6
  4445 | D:5      | Entered Level 5 of the Dungeon
  4456 | D:5      | Noticed an air elemental
  4459 | D:5      | Found a stormy altar of Qazlal.
  4462 | D:5      | Noticed a fire elemental
  4462 | D:5      | Noticed a water elemental
  4501 | D:5      | Noticed Blork the orc
  4532 | D:5      | Killed Blork the orc
  4533 | D:5      | Reached skill level 7 in Axes
  4781 | D:5      | Noticed Dowan
  4781 | D:5      | Noticed Duvessa
  4805 | D:4      | Killed Duvessa
  4806 | D:4      | Reached XP level 7. HP: 36/60 MP: 7/7
  4810 | D:4      | Killed Dowan
  4811 | D:4      | Reached skill level 5 in Fighting
  4811 | D:4      | Reached skill level 8 in Axes
  5280 | D:5      | Noticed Menkaure
  5291 | D:5      | Killed Menkaure
  5292 | D:5      | Reached skill level 5 in Armour
  5875 | D:6      | Reached skill level 9 in Axes
  5875 | D:6      | Reached XP level 8. HP: 61/68 MP: 8/8
  6344 | D:6      | Noticed Pikel
  6365 | D:6      | Killed Pikel
  6366 | D:6      | Reached skill level 11 in Axes
  6366 | D:6      | Reached skill level 1 in Dodging
  6542 | D:6      | Reached XP level 9. HP: 75/75 MP: 9/9
  6858 | D:6      | Found Cut Xoneog's Assorted Antiques.
  6867 | D:6      | Bought a runed war axe for 162 gold pieces
  7143 | D:7      | Found Qeff's General Store.
  7390 | D:7      | Reached skill level 12 in Axes
  7391 | D:7      | Reached skill level 5 in Shields
  7399 | D:7      | Noticed a cyclops
  7405 | D:7      | Noticed a gargoyle
  7406 | D:7      | Killed a cyclops
  7416 | D:7      | Found an ornate altar of the Wu Jian Council.
  7878 | D:7      | Identified the +9 arbalest "Jenkom" {vorpal, Dex+3}
  8244 | D:7      | Reached skill level 13 in Axes
  8574 | D:7      | Noticed a manticore
  8589 | D:7      | Killed a manticore
  8590 | D:7      | Reached XP level 10. HP: 22/86 MP: 10/10
  8612 | D:7      | Killed a gargoyle
  8678 | D:7      | Reached skill level 14 in Axes
  9057 | D:7      | Noticed a gargoyle
  9072 | D:7      | Killed a gargoyle
  9673 | D:7      | Noticed a two-headed ogre
  9684 | D:7      | HP: 3/86 [two-headed ogre/+0 giant club (27)]
  9684 | D:7      | Slain by a two-headed ogre

Illustrated notes

Levels and vault maps discovered:
D:1:      lightli_arrival_chessboard, layout_loops_ring,
          hangedman_feature_mirror, nicolae_wormholes
D:2:      layout_rooms, minmay_tetromino_o2
D:3:      layout_loops_ring, lemuel_zombie_altar_yredelemnul, serial_shops,
          nicolae_diamond_shop, minmay_stone_trees_small
D:4:      layout_layer_cave, okawaru_gym_becter,
          minmay_temple_entry_statues_pillars
D:5:      layout_basic, nicolae_qazlal_style_of_elements,
          serial_co_window_serial, co_window_of_opportunity_a,
          co_window_of_opportunity_a, co_window_corner_a, co_window_paths_b,
          co_window_cross_1, co_window_paths_b, co_window_of_opportunity_c,
          co_window_broadway_b, co_window_broadway_b, co_window_paths_c,
          co_window_broadway_c, co_window_unsneaky_path_d, glass_columns_a,
          uniq_blork_the_orc, uniq_menkaure, uniq_duvessa
D:6:      layout_loops_ring, serial_shops, nicolae_lakefront_shop, uniq_pikel
D:7:      minmay_the_grid_octo_triangle [minmay_the_grid_octo_thin_diamonds,
          minmay_the_grid_octo_prize_square_snowflake,
          minmay_the_grid_octo_fan_narrow], layout_loops_corners,
          mainiacjoe_overflow_concentric_impassable, serial_shops, shop_statue
Temple:   minmay_temple_forest_path

Skill      XL: |  1  2  3  4  5  6  7  8  9 10 |
---------------+-------------------------------+-----
Fighting       | 4 5 6 7 |  7.5
Axes           | 3 4 5 6 7 9 11 13 14 | 14.5
Armour         | 4 5 7 |  7.9
Shields        | 4 5 |  5.9
Dodging        | 1 |  1.1
Stealth        | |  0.4

Action                   |  1- 3 |  4- 6 |  7- 9 | 10-12 || total
-------------------------+-------+-------+-------+-------++-------
Melee: War axe           |   109 |   128 |   188 |    73 ||   498
  Use: Scroll            |       |     8 |     2 |     2 ||    12
       Potion            |       |     4 |     3 |     1 ||     8
Armor: Scale mail        |    50 |       |       |       ||    50
       Plate armour      |    20 |    90 |   132 |    27 ||   269
Dodge: Dodged            |    47 |    43 |    78 |    10 ||   178
Block: Buckler           |    28 |    32 |    72 |    14 ||   146

Table legend: (Time is in decaauts)
 A = Elapsed time spent in this place.
 B = Non-inter-level travel time spent in this place.
 C = Inter-level travel time spent in this place.
 D = Time resting spent in this place.
 E = Time spent auto-exploring this place.
 F = Levels seen in this place.
 G = Mean time per level.
                   A        B        C        D        E       F      G
               +--------+--------+--------+--------+--------+-----+--------+
         Total |   9734 |   8987 |    747 |      0 |   7824 |   8 | 1216.8 |
       Dungeon |   9215 |   8688 |    527 |      0 |   7539 |   7 | 1316.4 |
        Temple |    518 |    298 |    220 |      0 |    285 |   1 |  518.0 |
               +--------+--------+--------+--------+--------+-----+--------+

Top non-repeatable levels by time:
     D:7: 2674 daAuts
     D:4: 1597 daAuts
     D:5: 1228 daAuts
     D:6: 1193 daAuts
     D:1: 1185 daAuts
     D:3: 733 daAuts
     D:2: 603 daAuts
  Temple: 518 daAuts
